 Dungeon Crawl Stone Soup version 0.31.0 (webtiles) character file.

Game seed: 842522812565687107

254395 qw the Slayer (level 20, -3/148 HPs)
             Began as a Gargoyle Hunter on Jan 19, 2024.
             Was a High Priest of Okawaru.
             Killed from afar by an ironbound frostheart (42 damage)
             ... by creeping frost
             ... led by a vault warden
             ... on level 2 of the Vaults.
             The game lasted 00:06:26 (26904 turns).

qw the Slayer (Gargoyle Hunter)                    Turns: 26904, Time: 00:06:27

Health: -3/148     AC: 31    Str: 16    XL:     20   Next: 18%
Magic:  22/27      EV: 31    Int: 12    God:    Okawaru [*****.]
Gold:   503        SH:  0    Dex: 21    Spells: 19/19 levels left

rFire   + . .        E - +6 arbalest "Damnation" {damnation}
rCold   x x .        (shield currently unavailable)
rNeg    + . .        p - +2 troll leather armour
rPois   inf          o - +0 helmet of Supple Strength {rC- Regen+ Dex+2}
rElec   +            D - +1 cloak of Starlight {*Dazzle EV+4 Stlth--}
rCorr   .            l - +1 pair of gloves of Uwefafa {Will+++ Stlth-}
SInv    +            F - +1 pair of boots of Hopscotch {-Cast +Blink rF+}
Will    ++++.        i - amulet of Ybierer {rElec rC- Regen+ SInv} Stlth
                     k - +5 ring of evasion
HPRegen 2.84/turn    B - +4 ring of slaying {mikee}
MPRegen 0.20/turn

%: no spellcasting, clarity
@: about to teleport, finesse-ful, flying
A: sickness immunity, AC +15, big wings, negative energy resistance 1,
electricity resistance, torment resistance 1, petrification resistance, clarity
}: 1/15 runes: barnacled
a: Renounce Religion, Evoke Blink, Heroism, Finesse, Duel


You were on level 2 of the Vaults.
You worshipped Okawaru.
Okawaru was extremely pleased with you.
You visited 7 branches of the dungeon, and saw 32 of its levels.
You visited 1 bazaar.

You collected 3816 gold pieces.
You spent 3313 gold pieces at shops.


Innate Abilities, Weirdness & Mutations

You are immune to sickness and miasma.
Your stone body is resilient. (AC +15)
You are immune to poison.
Your large and strong wings let you fly.
You resist negative energy. (rN+)
You are resistant to electric shocks. (rElec)
You are resistant to unholy torment.
You are immune to petrification.
You possess an exceptional clarity of mind.


   Skills:
 - Level 23.0 Fighting
 - Level 19.0 Ranged Weapons
 - Level 15.0 Armour
 + Level 13.6 Dodging
 - Level 1.1 Stealth
 - Level 10.0 Invocations


You had 19 spell levels left.
You didn't know any spells.
Your spell library was empty.

Inventory:

Hand Weapons
 E - the +6 arbalest "Damnation" (weapon) {damnation}
   (Okawaru gifted it to you on level 5 of the Lair of Beasts)
Armour
 j - a +2 pair of gloves
 l - the +1 pair of gloves of Uwefafa (worn) {Will+++ Stlth-}
   (You found it on level 1 of the Shoals)

   Will+++:   It greatly increases your willpower.
   Stlth-:    It makes you less stealthy.
 o - the +0 helmet of Supple Strength (worn) {rC- Regen+ Dex+2}
   (You found it on level 1 of the Vaults)

   Dex+2:     It affects your dexterity (+2).
   rC-:       It makes you vulnerable to cold.
   Regen+:    It increases your rate of health regeneration.
 p - a +2 troll leather armour (worn)
 C - a +2 leather armour of fire resistance
 D - the +1 cloak of Starlight (worn) {*Dazzle EV+4 Stlth--}
   (Okawaru gifted it to you on level 5 of the Lair of Beasts)

   *Dazzle:   It may blind those who miss an attack against the wearer in melee
   combat.
   EV+4:      It affects your evasion (+4).
   Stlth--:   It makes you much less stealthy.
 F - the +1 pair of boots of Hopscotch (worn) {-Cast +Blink rF+}
   (You found it on level 1 of the Orcish Mines)

   rF+:       It protects you from fire.
   +Blink:    It lets you blink.
   -Cast:     It prevents spellcasting.
Jewellery
 i - the amulet of Ybierer (around neck) {rElec rC- Regen+ SInv}
   (You took it off a vampire knight on level 13 of the Dungeon)

   [amulet of regeneration]

   rC-:       It makes you vulnerable to cold.
   rElec:     It insulates you from electricity.
   SInv:      It lets you see invisible.
   Regen+:    It increases your rate of health regeneration.
 k - a +5 ring of evasion (left hand)
 n - an amulet of reflection
 u - the ring "Sugamep" {+Blink rPois rF++ Int+2}
   (You bought it in a shop on level 1 of the Orcish Mines)

   [ring of poison resistance]

   Int+2:     It affects your intelligence (+2).
   rF++:      It greatly protects you from fire.
   rPois:     It protects you from poison +Blink: It lets you blink.
 y - a ring of fire
 B - a +4 ring of slaying (right hand) {mikee}
Wands
 c - a wand of polymorph (3)
 t - a wand of digging (3)
 w - a wand of roots (27)
Scrolls
 a - 8 scrolls of teleportation
 m - 8 scrolls of enchant weapon
 r - 12 scrolls of identify
Potions
 d - 16 potions of curing
 e - 7 potions of enlightenment
 f - 5 potions of haste
 g - 4 potions of mutation
 h - 14 potions of heal wounds
 q - a potion of resistance
 z - 3 potions of magic
 A - 5 potions of might

Dungeon Overview and Level Annotations

Branches:
Dungeon (15/15)            Temple (1/1) D:4            Lair (5/5) D:10
 Shoals (4/4) Lair:2        Snake (3/4) Lair:3        Slime (0/5) Lair:4
    Orc (2/2) D:11            Elf (0/3) Orc:2        Vaults (2/5) D:14
 Depths (0/4) D:15
  Crypt: Vaults:2-3

Altars:
Ashenzari
Cheibriados
Dithmenos
Elyvilon
Fedhas
Gozag
Hepliaklqana
Kikubaaqudgha
Makhleb
Nemelex Xobeh
Okawaru
Qazlal
Ru
Sif Muna
Uskayaw
Vehumet
Wu Jian
Xom
Yredelemnul
Zin
The Shining One

Shops:
D:4 *   D:6 !   D:11 ?([*:   D:13 *   D:14 [   Orc:1 =   Orc:2 [[*[
Shoals:1 !   Snake:2 !   Snake:3 !   Vaults:1 ([   Vaults:2 [(

Annotations:
D:7 exclusion: moth of wrath
D:8 exclusion: killer bee
D:12 8 runed translucent doors
Lair:1 3 runed translucent doors, qw's ghost, journeyman GrHu
Shoals:3 3 runed translucent doors, popps's ghost, adept GrFi
Snake:3 2 transporters, 5 runed translucent doors
Vaults:1 exclusion: ironbound frostheart


Message History

The damnation bolt hits the ironbound preserver!!
The ironbound preserver is almost dead.
The damnation bolt explodes!
The damnation engulfs the ironbound preserver!
You kill the ironbound preserver!
Okawaru accepts your kill.
The damnation engulfs the vault warden!!
The vault warden is moderately wounded.
The ironbound frostheart calls freezing cold from the walls.
The frost grips you!
You feel a terrible chill!
You are encased in ice.
You shoot a damnation bolt.
The damnation bolt closely misses the vault warden.
The damnation bolt hits the deep troll!
The deep troll is lightly wounded.
The damnation bolt explodes!
The damnation engulfs the deep troll!
The deep troll is heavily wounded.
The damnation engulfs the vault warden!
The vault warden is moderately wounded.
The ironbound convoker points at the ironbound frostheart and mumbles some strange words.
The ironbound frostheart seems to grow stronger.
The vault warden hits you from afar with a +0 glaive of freezing!!!
The vault warden freezes you.
You shoot a damnation bolt.
The damnation bolt hits the vault warden.
The vault warden is heavily wounded.
The damnation bolt explodes!
The damnation engulfs the vault warden!
The vault warden is severely wounded.
The damnation engulfs the deep troll.
The deep troll is heavily wounded.
The ironbound frostheart calls freezing cold from the walls.
The frost grips you!!!
You feel a terrible chill!
26904 ||| READING 9 scrolls of teleportation.
As you read the scroll of teleportation, it crumbles to dust.
You feel strangely unstable. The ice encasing you melts away.
The vault warden misses you.
The ironbound frostheart calls freezing cold from the walls.
The frost grips you!!!
You feel a terrible chill!
You die...

#########............
#.......#............
#.......#...^........
#.......#............
+.......#.....#######
#...<...#.....#......
#.......#.....#......
######'##.....#./....
#..T@.........#9.....
#.p###+###'##.#......
####..#........#.#.....
#.....#.....>..#.#######
#..T..#........#.....
####p....#........# .
#.......^#........+
#######........#...^....#
.
.......[.......#####+####


You could see a vault warden (strong), an ironbound frostheart (strong) and a
deep troll (strong).

Vanquished Creatures
  Vashnia (Snake:3)
  Rupert (Lair:3)
  A kraken (Shoals:4)
  Gastronok (Lair:3)
  Frances (Snake:2)
  Kirke (D:15)
  Agnes (D:14)
  2 nagarajas
  Roxanne (Shoals:1)
  6 vault wardens
  An emperor scorpion (D:15)
  An angel (Shoals:4)
  Louise (D:14)
  2 orc warlords (Orc:1)
  8 ironbound preservers
  Nessos (Lair:4)
  A vampire knight (D:13)
  2 apis (Shoals:4)
  6 dire elephants
  9 merfolk impalers
  3 crystal guardians
  3 yaktaur captains
  7 merfolk javelineers
  A great orb of eyes (Vaults:2)
  An ice dragon (Lair:5)
  8 hydras
  2 ironbound frosthearts (Vaults:1)
  2 peacekeepers
  7 vault guards (Vaults:1)
  An ogre mage (D:15)
  11 two-headed ogres
  10 merfolk aquamancers
  Erica (D:8)
  6 merfolk avatars
  6 anacondas
  6 centaur warriors
  5 death yaks
  2 alligator snapping turtles (Shoals:4)
  2 boulder beetles
  A death knight (D:14)
  4 naga warriors
  A tengu warrior (D:14)
  4 orc high priests
  9 shock serpents
  A satyr (Shoals:1)
  10 naga sharpshooters
  6 skysharks
  Amaemon (D:9)
  4 salamander mystics
  A fire crab (Lair:1)
  5 sea snakes
  2 naga ritualists
  A swamp dragon (Lair:5)
  11 mana vipers
  5 arcanists
  23 deep trolls
  13 skeletal warriors
  3 cherubim (Shoals:4)
  2 phantasmal warriors (D:14)
  12 harpies
  6 lindwurms
  5 ironbound convokers (Vaults:1)
  8 necromancers
  7 orc knights
  A fire giant zombie (Vaults:2)
  2 deep elf pyromancers
  18 ugly things
  15 manticores
  8 fauns
  9 orc sorcerers
  An elf skeleton (Vaults:2)
  14 salamanders
  6 cyclopes
  A meliai (shapeshifter) (D:14)
  13 elephants
  Joseph (D:8)
  A guardian serpent (Snake:2)
  3 water nymphs
  6 torpor snails
  7 merfolk sirens
  13 naga magi
  3 meliai (D:13)
  27 black mambas
  5 kobold blastminers
  A stone giant skeleton (Vaults:2)
  3 gargoyles
  An orange demon (D:9)
  7 vault sentinels
  Jeremiah (D:8)
  7 cane toads
  A yaktaur (shapeshifter) (D:14)
  2 yaktaur zombies (Vaults:2)
  4 rime drakes
  A tengu conjurer (D:14)
  6 freezing wraiths (D:13)
  An efreet (D:15)
  15 komodo dragons
  7 yaktaurs
  7 harpy zombies (D:13)
  A troll (shapeshifter) (D:14)
  A queen bee (Lair:1)
  11 trolls
  20 merfolk
  2 hornets (D:9)
  A merfolk (shapeshifter) (D:15)
  7 wind drakes
  17 blink frogs
  A polar bear (Lair:5)
  6 snapping turtles
  Prince Ribbit (Lair:3)
  19 dream sheep
  A human simulacrum (Vaults:2)
  29 slime creatures
  3 wraiths
  51 yaks
  Sigmund (D:3)
  A spriggan (Lair:5)
  18 water elementals
  2 shadows
  A yak (shapeshifter) (D:14)
  An elf zombie (Vaults:2)
  9 vampires
  10 basilisks
  4 wyverns
  6 hogs (D:15)
  4 steam dragons
  A golden eye (shapeshifter) (D:14)
  5 wargs
  A death yak simulacrum (Lair:3)
  3 redbacks (D:13)
  16 vampire mosquitoes
  3 acid dragons
  31 nagas
  A water moccasin (shapeshifter) (D:14)
  14 water moccasins
  3 swamp drakes (Lair:5)
  An ogre skeleton (Vaults:2)
  26 orc warriors
  A black bear (D:5)
  6 laughing skulls
  10 wolves
  11 ogres
  5 centaurs
  7 bullfrogs
  Blork the orc (D:6)
  7 scorpions
  2 necrophages (D:4)
  A cane toad simulacrum (Lair:3)
  3 gnoll sergeants
  11 wights
  42 killer bees
  2 electric eels
  2 lava snakes
  2 bullfrog zombies (D:4)
  3 human zombies
  2 bombardier beetles
  A gnoll bouda (D:9)
  6 jellies
  21 orc priests
  3 hounds
  Jessica (D:3)
  6 iguanas (Lair:5)
  29 orc wizards
  2 polar bear simulacra (Lair:3)
  A hound zombie (D:4)
  2 mummies (D:4)
  3 adders
  14 gnolls
  A shadow imp (D:6)
  3 adder zombies (D:4)
  2 dart slugs
  55 orcs
  9 endoplasms
  2 giant cockroaches
  6 goblins
  7 hobgoblins
  4 jackals
  3 quokkas
  A ball python (D:1)
  7 bats
  4 frilled lizards
  7 kobolds
  6 rats
  A spectral kobold (D:3)
1153 creatures vanquished.

Vanquished Creatures (collateral kills)
  A ball python (D:2)
1 creature vanquished.

Vanquished Creatures (others)
  2 nagas (Snake:1)
  4 tentacles (Shoals:4)
6 creatures vanquished.

Grand Total: 1160 creatures vanquished

Notes
Turn   | Place    | Note
-------+----------+-------------------------------------------
     0 | D:1      | qw the Gargoyle Hunter began the quest for the Orb.
     0 | D:1      | Reached XP level 1. HP: 12/12 MP: 1/1
     0 | D:1      | 0 ||| qw: Version: 0.3-a-132-g3d54051
     0 | D:1      | 0 ||| qw: Game counter: 223
     0 | D:1      | 0 ||| qw: Melee chars always use a shield: true
     0 | D:1      | 0 ||| qw: God list: Okawaru
     0 | D:1      | 0 ||| qw: Allow faded altars: false
     0 | D:1      | 0 ||| qw: Do Orc after clearing Dungeon:15 true
     0 | D:1      | 0 ||| qw: Do second Lair branch before Depths: true
     0 | D:1      | 0 ||| qw: Lair rune preference: random
     0 | D:1      | 0 ||| qw: Goals: Normal
     0 | D:1      | 0 ||| PLANNING D:1-11
   133 | D:1      | Reached XP level 2. HP: 17/17 MP: 2/2
   875 | D:1      | 875 ||| UPGRADING to +0 ring mail.
   885 | D:1      | 885 ||| DROPPING +0 leather armour.
   886 | D:1      | 886 ||| READING scroll labelled PAICWA RUAWKI.
   887 | D:1      | 887 ||| READING scroll labelled LYCEGR XAWOKHY.
   887 | D:1      | 887 ||| ENCHANTING +0 shortbow.
   888 | D:1      | 888 ||| READING scroll labelled HYFFIXZ MAUSH.
   888 | D:1      | Identified a scroll of acquirement
   888 | D:1      | 888 ||| ACQUIRING +9 longbow of Evil {flame, rN++ Str+4
                  | Int-3}
   888 | D:1      | Acquired the +9 longbow of Evil {flame, rN++ Str+4 Int-3}
   890 | D:1      | 890 ||| SWAPPING to +9 longbow of Evil {flame, rN++ Str+4
                  | Int-3}.
   891 | D:1      | 891 ||| DROPPING +1 shortbow.
   892 | D:1      | 892 ||| READING scroll labelled BOAXIT TUUW.
   896 | D:1      | 896 ||| DROPPING scroll of butterflies.
   968 | D:2      | Reached XP level 3. HP: 21/21 MP: 3/3
   976 | D:2      | 976 ||| READING scroll labelled JYIXZA WETISAOG.
  1006 | D:2      | Reached skill level 1 in Armour
  1106 | D:2      | 1106 ||| READING scroll labelled HINLUSM IMEM.
  1178 | D:2      | 1178 ||| READING scroll labelled ROAPUI URCHUU.
  1179 | D:2      | 1179 ||| FLEEEEING.
  1309 | D:2      | 1309 ||| DRINKING 2 bubbling black potions.
  1309 | D:2      | Gained mutation: You possess an exceptional clarity of
                  | mind. [potion of mutation]
  1319 | D:2      | 1319 ||| FLEEEEING.
  1389 | D:2      | 1389 ||| DRINKING 3 golden potions.
  1596 | D:2      | 1596 ||| UPGRADING to +1 hat.
  1601 | D:2      | 1601 ||| DRINKING 2 smoky grey potions.
  1602 | D:2      | 1602 ||| DROPPING 2 potions of lignification.
  1668 | D:3      | Found a hazy altar of Hepliaklqana.
  1727 | D:3      | Identified the +0 cloak of Pebikh {rC- rN++ rCorr Int+3}
  1758 | D:3      | Reached XP level 4. HP: 27/27 MP: 4/4
  1758 | D:3      | Noticed Jessica
  1761 | D:3      | Killed Jessica
  1762 | D:3      | Reached skill level 3 in Fighting
  1868 | D:3      | Noticed Sigmund
  1870 | D:3      | Killed Sigmund
  1871 | D:3      | Reached skill level 6 in Ranged Weapons
  1871 | D:3      | Reached XP level 5. HP: 32/32 MP: 5/5
  1871 | D:3      | Reached XP level 6. HP: 37/37 MP: 6/6
  1874 | D:3      | Identified the +8 mace "Killer Bee's Foe" {flame, rElec
                  | rPois MP+9 Str-4}
  1922 | D:3      | Found a broken altar of Ashenzari.
  2011 | D:3      | 2011 ||| UPGRADING to +0 pair of gloves.
  2016 | D:3      | 2016 ||| UPGRADING to +0 pair of boots.
  2021 | D:3      | 2021 ||| UPGRADING to +2 robe of positive energy.
  2031 | D:3      | 2031 ||| DROPPING +0 ring mail.
  2032 | D:3      | 2032 ||| READING 2 scrolls labelled DIETZE YSUXTU.
  2032 | D:3      | 2032 ||| IDENTIFYING bubbling white potion
  2033 | D:3      | 2033 ||| READING scroll of identify.
  2033 | D:3      | 2033 ||| IDENTIFYING scroll labelled WAITZINGIS
  2034 | D:3      | 2034 ||| READING scroll of enchant armour.
  2034 | D:3      | 2034 ||| ENCHANTING +0 pair of gloves.
  2035 | D:3      | 2035 ||| DROPPING potion of berserk rage.
  2080 | D:4      | Reached skill level 4 in Fighting
  2182 | D:4      | Reached XP level 7. HP: 43/43 MP: 7/7
  2205 | D:4      | Found a basalt altar of Yredelemnul.
  2409 | D:4      | Reached skill level 5 in Fighting
  2602 | D:4      | Reached XP level 8. HP: 49/49 MP: 8/8
  2723 | D:4      | Found a staircase to the Ecumenical Temple.
  2724 | D:4      | 2724 ||| PLANNING TEMPLE
  2730 | Temple   | Entered the Ecumenical Temple
  2731 | Temple   | 2731 ||| PLANNING OKAWARU WORSHIP
  2742 | Temple   | Became a worshipper of Warmaster Okawaru
  2743 | Temple   | 2743 ||| PLANNING D:1-11
  2768 | D:4      | Found Saogaus's Overcharged Wands.
  2776 | D:4      | 2776 ||| SHOPLISTING wand of acid (18) (1134 gold, have
                  | 201).
  2776 | D:4      | 2776 ||| SHOPLISTING wand of digging (11) (693 gold, have
                  | 201).
  2776 | D:4      | 2776 ||| SHOPLISTING wand of flame (40) (420 gold, have
                  | 201).
  2776 | D:4      | 2776 ||| SHOPLISTING wand of mindburst (30) (630 gold, have
                  | 201).
  2935 | D:4      | 2935 ||| READING scroll of identify.
  2935 | D:4      | 2935 ||| IDENTIFYING scroll labelled BAHYUF SEMEXE
  2936 | D:4      | 2936 ||| DROPPING scroll of fear.
  2954 | D:5      | Entered Level 5 of the Dungeon
  2997 | D:5      | Found the +7 staff of the Meek {protect, meekguard}
  3020 | D:5      | Reached skill level 9 in Ranged Weapons
  3043 | D:5      | Found a sparkling altar of Nemelex Xobeh.
  3099 | D:5      | Identified the +1 plate armour "Moneoceu" {rPois rC++ Int-5
                  | Dex+3}
  3123 | D:5      | Identified the +3 ring mail of the Sturgeon {Str+2}
  3160 | D:5      | Found a shimmering altar of Xom.
  3221 | D:5      | Reached skill level 6 in Fighting
  3403 | D:5      | 3403 ||| UPGRADING to +3 ring mail of the Sturgeon {Str+2}.
  3413 | D:5      | 3413 ||| DROPPING +2 robe of positive energy.
  3456 | D:6      | Found Xonobleo's Distillery.
  3461 | D:6      | 3461 ||| BUYING potion of heal wounds (70 gold).
  3461 | D:6      | Bought a potion of heal wounds for 70 gold pieces
  3461 | D:6      | 3461 ||| BUYING potion of mutation (112 gold).
  3461 | D:6      | Bought a potion of mutation for 112 gold pieces
  3461 | D:6      | 3461 ||| SHOPLISTING potion of resistance (140 gold, have
                  | 91).
  3536 | D:6      | 3536 ||| FLEEEEING.
  3547 | D:6      | 3547 ||| FLEEEEING.
  3558 | D:6      | 3558 ||| FLEEEEING.
  3565 | D:6      | Reached * piety under Okawaru
  3670 | D:6      | You fall into a shaft and drop 2 floors!
  3725 | D:8      | Noticed Joseph
  3726 | D:8      | 3726 ||| INVOKING Heroism.
  3730 | D:8      | Killed Joseph
  3731 | D:8      | Reached XP level 9. HP: 42/55 MP: 6/9
  3802 | D:8      | Found an ornate altar of the Wu Jian Council.
  3802 | D:8      | Found an ancient bone altar of Kikubaaqudgha.
  3803 | D:8      | Found a burning altar of Makhleb.
  3820 | D:8      | Noticed Jeremiah
  3821 | D:8      | 3821 ||| INVOKING Heroism.
  3828 | D:8      | Reached skill level 1 in Invocations
  3834 | D:8      | 3834 ||| INVOKING Heroism.
  3835 | D:8      | Killed Jeremiah
  3836 | D:8      | Reached skill level 3 in Armour
  3954 | D:8      | Found a blossoming altar of Fedhas.
  3967 | D:8      | Noticed a troll
  3968 | D:8      | 3968 ||| RETREEEEATING.
  3969 | D:8      | 3969 ||| RETREEEEATING.
  3970 | D:8      | 3970 ||| RETREEEEATING.
  3971 | D:8      | 3971 ||| INVOKING Heroism.
  3974 | D:8      | Reached skill level 3 in Invocations
  3975 | D:8      | Killed a troll
  3975 | D:8      | Reached ** piety under Okawaru
  4049 | D:8      | 4049 ||| READING scroll labelled JUACAE MEYBEO.
  4050 | D:8      | 4050 ||| DROPPING wand of flame (27).
  4059 | D:7      | Reached skill level 3 in Dodging
  4117 | D:7      | Reached skill level 7 in Fighting
  4142 | D:7      | 4142 ||| DRINKING 2 fuming inky potions.
  4177 | D:6      | Noticed Blork the orc
  4181 | D:6      | Killed Blork the orc
  4229 | D:6      | Found a glowing golden altar of the Shining One.
  4229 | D:6      | Found a glowing silver altar of Zin.
  4229 | D:6      | Found a white marble altar of Elyvilon.
  4311 | D:6      | 4311 ||| RETREEEEATING.
  4313 | D:6      | 4313 ||| RETREEEEATING.
  4318 | D:6      | 4318 ||| RETREEEEATING.
  4326 | D:6      | 4326 ||| FLEEEEING.
  4327 | D:6      | 4327 ||| FLEEEEING.
  4328 | D:6      | 4328 ||| FLEEEEING.
  4329 | D:6      | 4329 ||| FLEEEEING.
  4330 | D:6      | 4330 ||| FLEEEEING.
  4331 | D:6      | 4331 ||| FLEEEEING.
  4332 | D:6      | 4332 ||| FLEEEEING.
  4333 | D:6      | 4333 ||| FLEEEEING.
  4334 | D:6      | 4334 ||| FLEEEEING.
  4335 | D:6      | 4335 ||| FLEEEEING.
  4336 | D:6      | 4336 ||| FLEEEEING.
  4337 | D:6      | 4337 ||| FLEEEEING.
  4338 | D:6      | 4338 ||| FLEEEEING.
  4339 | D:6      | 4339 ||| FLEEEEING.
  4340 | D:6      | 4340 ||| FLEEEEING.
  4341 | D:6      | 4341 ||| FLEEEEING.
  4342 | D:6      | 4342 ||| FLEEEEING.
  4343 | D:6      | 4343 ||| FLEEEEING.
  4344 | D:6      | 4344 ||| FLEEEEING.
  4345 | D:6      | 4345 ||| FLEEEEING.
  4346 | D:6      | 4346 ||| FLEEEEING.
  4347 | D:6      | 4347 ||| FLEEEEING.
  4348 | D:6      | 4348 ||| FLEEEEING.
  4349 | D:6      | 4349 ||| FLEEEEING.
  4350 | D:6      | 4350 ||| FLEEEEING.
  4351 | D:6      | 4351 ||| FLEEEEING.
  4433 | D:6      | 4433 ||| READING scroll of enchant armour.
  4433 | D:6      | 4433 ||| ENCHANTING +1 pair of gloves.
  4557 | D:6      | 4557 ||| READING 2 scrolls of identify.
  4557 | D:6      | 4557 ||| IDENTIFYING blue potion
  4558 | D:6      | 4558 ||| DROPPING potion of degeneration.
  4581 | D:7      | 4581 ||| RETREEEEATING.
  4583 | D:7      | 4583 ||| RETREEEEATING.
  4584 | D:7      | 4584 ||| RETREEEEATING.
  4585 | D:7      | 4585 ||| RETREEEEATING.
  4586 | D:7      | 4586 ||| RETREEEEATING.
  4587 | D:7      | 4587 ||| RETREEEEATING.
  4588 | D:7      | 4588 ||| RETREEEEATING.
  4589 | D:7      | 4589 ||| RETREEEEATING.
  4591 | D:7      | Reached XP level 10. HP: 34/64 MP: 13/13
  4595 | D:7      | Reached skill level 8 in Fighting
  4757 | D:7      | 4757 ||| READING scroll of enchant armour.
  4757 | D:7      | 4757 ||| ENCHANTING +1 hat.
  4829 | D:7      | 4829 ||| FLEEEEING.
  4830 | D:7      | 4830 ||| FLEEEEING.
  4835 | D:7      | 4835 ||| FLEEEEING.
  4836 | D:7      | 4836 ||| FLEEEEING.
  4837 | D:7      | 4837 ||| FLEEEEING.
  4838 | D:7      | 4838 ||| FLEEEEING.
  4839 | D:7      | 4839 ||| FLEEEEING.
  4843 | D:7      | 4843 ||| FLEEEEING.
  4844 | D:7      | 4844 ||| STAIRDANCE
  4934 | D:7      | Found a shadowy altar of Dithmenos.
  4939 | D:7      | 4939 ||| RETREEEEATING.
  4957 | D:7      | 4957 ||| FLEEEEING.
  4967 | D:7      | Reached *** piety under Okawaru
  5218 | D:7      | Noticed a moth of wrath
  5486 | D:8      | Noticed Erica
  5492 | D:8      | 5492 ||| FLEEEEING.
  5498 | D:8      | 5498 ||| STAIRDANCE
  5602 | D:7      | 5602 ||| READING scroll of identify.
  5602 | D:7      | 5602 ||| IDENTIFYING scroll labelled MAIROCZ DALUM
  5603 | D:7      | 5603 ||| DROPPING scroll of torment.
  5608 | D:8      | 5608 ||| INVOKING Heroism.
  5615 | D:8      | Killed Erica
  5616 | D:8      | Reached skill level 12 in Ranged Weapons
  5947 | D:8      | 5947 ||| READING scroll labelled QEIBEPPODA.
  6070 | D:9      | 6070 ||| FLEEEEING.
  6071 | D:9      | 6071 ||| FLEEEEING.
  6072 | D:9      | 6072 ||| FLEEEEING.
  6073 | D:9      | 6073 ||| FLEEEEING.
  6074 | D:9      | 6074 ||| FLEEEEING.
  6075 | D:9      | 6075 ||| FLEEEEING.
  6076 | D:9      | 6076 ||| FLEEEEING.
  6077 | D:9      | 6077 ||| FLEEEEING.
  6078 | D:9      | 6078 ||| FLEEEEING.
  6079 | D:9      | 6079 ||| FLEEEEING.
  6080 | D:9      | 6080 ||| FLEEEEING.
  6084 | D:9      | 6084 ||| FLEEEEING.
  6085 | D:9      | 6085 ||| STAIRDANCE
  6090 | D:8      | 6090 ||| FLEEEEING.
  6091 | D:8      | 6091 ||| FLEEEEING.
  6092 | D:8      | 6092 ||| FLEEEEING.
  6093 | D:8      | 6093 ||| FLEEEEING.
  6094 | D:8      | 6094 ||| FLEEEEING.
  6095 | D:8      | 6095 ||| FLEEEEING.
  6097 | D:8      | 6097 ||| STAIRDANCE
  6118 | D:9      | 6118 ||| STAIRDANCE
  6123 | D:9      | 6123 ||| STAIRDANCE
  6160 | D:9      | Noticed Amaemon
  6161 | D:9      | 6161 ||| INVOKING Heroism.
  6166 | D:9      | 6166 ||| RETREEEEATING.
  6167 | D:9      | 6167 ||| RETREEEEATING.
  6168 | D:9      | 6168 ||| RETREEEEATING.
  6169 | D:9      | 6169 ||| RETREEEEATING.
  6170 | D:9      | 6170 ||| RETREEEEATING.
  6171 | D:9      | 6171 ||| RETREEEEATING.
  6172 | D:9      | 6172 ||| RETREEEEATING.
  6173 | D:9      | 6173 ||| RETREEEEATING.
  6174 | D:9      | 6174 ||| RETREEEEATING.
  6175 | D:9      | 6175 ||| RETREEEEATING.
  6176 | D:9      | 6176 ||| RETREEEEATING.
  6177 | D:9      | 6177 ||| RETREEEEATING.
  6178 | D:9      | 6178 ||| RETREEEEATING.
  6183 | D:9      | 6183 ||| INVOKING Heroism.
  6193 | D:9      | Killed Amaemon
  6195 | D:9      | Noticed an orange demon
  6198 | D:9      | Killed an orange demon
  6338 | D:9      | Reached **** piety under Okawaru
  6358 | D:9      | Found a hide-covered altar of Uskayaw.
  6604 | D:9      | Found a flagged portal.
  6817 | D:9      | 6817 ||| DROPPING ring of flight.
  6818 | D:9      | 6818 ||| UPGRADING to ring of protection from cold.
  6823 | D:10     | Entered Level 10 of the Dungeon
  6824 | D:10     | 6824 ||| STAIRDANCE
  6873 | D:10     | 6873 ||| STAIRDANCE
  6878 | D:9      | Reached skill level 9 in Fighting
  6878 | D:9      | Reached XP level 11. HP: 64/71 MP: 14/14
  6942 | D:10     | 6942 ||| FLEEEEING.
  7103 | D:10     | Noticed a two-headed ogre
  7104 | D:10     | 7104 ||| RETREEEEATING.
  7106 | D:10     | 7106 ||| INVOKING Finesse.
  7111 | D:10     | Killed a two-headed ogre
  7145 | D:10     | 7145 ||| FLEEEEING.
  7188 | D:10     | Reached ***** piety under Okawaru
  7189 | D:10     | Reached skill level 6 in Invocations
  7418 | D:10     | Found a staircase to the Lair.
  7580 | D:10     | 7580 ||| RETREEEEATING.
  7581 | D:10     | 7581 ||| RETREEEEATING.
  7595 | D:10     | 7595 ||| FLEEEEING.
  7629 | D:10     | 7629 ||| FLEEEEING.
  7939 | D:10     | 7939 ||| PLANNING LAIR
  7939 | D:10     | 7939 ||| UPGRADING to +0 troll leather armour.
  7949 | D:10     | 7949 ||| DROPPING +3 ring mail of the Sturgeon {Str+2}.
  7950 | D:10     | 7950 ||| UPGRADING to amulet of regeneration.
  7955 | D:10     | 7955 ||| READING 3 scrolls of identify.
  7955 | D:10     | 7955 ||| IDENTIFYING fuming yellow potion
  7956 | D:10     | 7956 ||| READING 2 scrolls of identify.
  7956 | D:10     | 7956 ||| IDENTIFYING emerald potion
  7957 | D:10     | 7957 ||| DROPPING potion of ambrosia.
  7958 | D:10     | 7958 ||| DROPPING potion of attraction.
  7964 | Lair:1   | Entered Level 1 of the Lair of Beasts
  8078 | Lair:1   | Found a runed translucent gate.
  8078 | Lair:1   | Found a runed translucent gate.
  8078 | Lair:1   | Found a runed translucent gate.
  8084 | Lair:1   | Identified the +2 ring mail of Zin's Inspiration {rPois rC+
                  | Str-4}
  8106 | Lair:1   | 8106 ||| RETREEEEATING.
  8107 | Lair:1   | 8107 ||| RETREEEEATING.
  8115 | Lair:1   | 8115 ||| FLEEEEING.
  8193 | Lair:1   | Received a gift from Okawaru
  8195 | Lair:1   | 8195 ||| FLEEEEING.
  8260 | Lair:1   | 8260 ||| RETREEEEATING.
  8261 | Lair:1   | 8261 ||| RETREEEEATING.
  8263 | Lair:1   | 8263 ||| RETREEEEATING.
  8264 | Lair:1   | 8264 ||| RETREEEEATING.
  8265 | Lair:1   | 8265 ||| RETREEEEATING.
  8266 | Lair:1   | 8266 ||| RETREEEEATING.
  8267 | Lair:1   | 8267 ||| RETREEEEATING.
  8268 | Lair:1   | 8268 ||| RETREEEEATING.
  8269 | Lair:1   | 8269 ||| RETREEEEATING.
  8270 | Lair:1   | 8270 ||| RETREEEEATING.
  8271 | Lair:1   | 8271 ||| RETREEEEATING.
  8272 | Lair:1   | 8272 ||| RETREEEEATING.
  8273 | Lair:1   | 8273 ||| RETREEEEATING.
  8274 | Lair:1   | 8274 ||| RETREEEEATING.
  8275 | Lair:1   | 8275 ||| RETREEEEATING.
  8276 | Lair:1   | 8276 ||| RETREEEEATING.
  8277 | Lair:1   | 8277 ||| RETREEEEATING.
  8278 | Lair:1   | 8278 ||| RETREEEEATING.
  8279 | Lair:1   | 8279 ||| RETREEEEATING.
  8280 | Lair:1   | 8280 ||| RETREEEEATING.
  8286 | Lair:1   | 8286 ||| RETREEEEATING.
  8353 | Lair:1   | Noticed an ice dragon
  8353 | Lair:1   | Noticed qw's ghost (journeyman GrHu)
  8524 | Lair:1   | Reached XP level 12. HP: 77/77 MP: 18/18
  8558 | Lair:1   | 8558 ||| RETREEEEATING.
  8559 | Lair:1   | 8559 ||| RETREEEEATING.
  8560 | Lair:1   | 8560 ||| RETREEEEATING.
  8561 | Lair:1   | 8561 ||| RETREEEEATING.
  8562 | Lair:1   | 8562 ||| RETREEEEATING.
  8563 | Lair:1   | 8563 ||| RETREEEEATING.
  8564 | Lair:1   | 8564 ||| RETREEEEATING.
  8565 | Lair:1   | 8565 ||| RETREEEEATING.
  8566 | Lair:1   | 8566 ||| RETREEEEATING.
  8567 | Lair:1   | 8567 ||| RETREEEEATING.
  8570 | Lair:1   | 8570 ||| RETREEEEATING.
  8571 | Lair:1   | 8571 ||| INVOKING Finesse.
  8594 | Lair:1   | Reached skill level 9 in Invocations
  8603 | Lair:1   | 8603 ||| RETREEEEATING.
  8604 | Lair:1   | 8604 ||| RETREEEEATING.
  8605 | Lair:1   | 8605 ||| RETREEEEATING.
  8606 | Lair:1   | 8606 ||| RETREEEEATING.
  8607 | Lair:1   | 8607 ||| RETREEEEATING.
  8608 | Lair:1   | 8608 ||| RETREEEEATING.
  8612 | Lair:1   | Reached skill level 10 in Fighting
  8666 | Lair:1   | 8666 ||| FLEEEEING.
  8781 | Lair:1   | 8781 ||| RETREEEEATING.
  8782 | Lair:1   | 8782 ||| RETREEEEATING.
  8886 | Lair:1   | Noticed an anaconda
  8887 | Lair:1   | 8887 ||| INVOKING Finesse.
  8893 | Lair:1   | Killed an anaconda
  8934 | Lair:1   | Noticed a death yak
  8938 | Lair:1   | Killed a death yak
  8939 | Lair:1   | Reached skill level 15 in Ranged Weapons
  8959 | Lair:1   | Noticed a dire elephant
  8959 | Lair:1   | Noticed a dire elephant
  8960 | Lair:1   | 8960 ||| RETREEEEATING.
  8963 | Lair:1   | Received a gift from Okawaru
  8965 | Lair:1   | 8965 ||| INVOKING Finesse.
  8974 | Lair:1   | Killed a dire elephant
  8985 | Lair:1   | Killed a dire elephant
  9273 | Lair:1   | 9273 ||| READING 3 scrolls of identify.
  9273 | Lair:1   | 9273 ||| IDENTIFYING red potion
  9274 | Lair:1   | 9274 ||| READING 2 scrolls of identify.
  9274 | Lair:1   | 9274 ||| IDENTIFYING fuming amethyst potion
  9275 | Lair:1   | 9275 ||| READING scroll of identify.
  9275 | Lair:1   | 9275 ||| IDENTIFYING puce potion
  9276 | Lair:1   | 9276 ||| READING scroll labelled DADECK VENIO.
  9468 | Lair:2   | HP: 19/77 [merfolk/+0 trident (8)]
  9469 | Lair:2   | 9469 ||| READING 3 scrolls of teleportation.
  9471 | Lair:2   | 9471 ||| DRINKING 2 potions of heal wounds.
  9474 | Lair:2   | 9474 ||| FLEEEEING.
  9475 | Lair:2   | 9475 ||| FLEEEEING.
  9476 | Lair:2   | 9476 ||| FLEEEEING.
  9477 | Lair:2   | 9477 ||| FLEEEEING.
  9478 | Lair:2   | 9478 ||| FLEEEEING.
  9479 | Lair:2   | 9479 ||| FLEEEEING.
  9480 | Lair:2   | 9480 ||| FLEEEEING.
  9482 | Lair:2   | 9482 ||| FLEEEEING.
  9483 | Lair:2   | 9483 ||| FLEEEEING.
  9486 | Lair:2   | 9486 ||| FLEEEEING.
  9487 | Lair:2   | 9487 ||| FLEEEEING.
  9488 | Lair:2   | 9488 ||| FLEEEEING.
  9489 | Lair:2   | 9489 ||| FLEEEEING.
  9490 | Lair:2   | 9490 ||| FLEEEEING.
  9492 | Lair:2   | 9492 ||| FLEEEEING.
  9493 | Lair:2   | 9493 ||| FLEEEEING.
  9494 | Lair:2   | 9494 ||| FLEEEEING.
  9501 | Lair:2   | Reached XP level 13. HP: 82/82 MP: 20/20
  9529 | Lair:2   | Found a staircase to the Shoals.
  9775 | Lair:2   | 9775 ||| RETREEEEATING.
  9776 | Lair:2   | 9776 ||| RETREEEEATING.
  9777 | Lair:2   | 9777 ||| INVOKING Finesse.
  9789 | Lair:2   | Received a gift from Okawaru
  9900 | Lair:2   | 9900 ||| INVOKING Finesse.
  9947 | Lair:2   | Found a snail-covered altar of Cheibriados.
  9949 | Lair:2   | 9949 ||| INVOKING Finesse.
  9954 | Lair:2   | Reached skill level 11 in Fighting
 10076 | Lair:2   | 10076 ||| INVOKING Finesse.
 10151 | Lair:3   | Noticed Gastronok
 10152 | Lair:3   | 10152 ||| RETREEEEATING.
 10153 | Lair:3   | 10153 ||| RETREEEEATING.
 10154 | Lair:3   | 10154 ||| RETREEEEATING.
 10155 | Lair:3   | 10155 ||| RETREEEEATING.
 10156 | Lair:3   | 10156 ||| STAIRDANCE
 10166 | Lair:3   | 10166 ||| STAIRDANCE
 10168 | Lair:2   | 10168 ||| RETREEEEATING.
 10169 | Lair:2   | 10169 ||| RETREEEEATING.
 10170 | Lair:2   | 10170 ||| RETREEEEATING.
 10171 | Lair:2   | 10171 ||| RETREEEEATING.
 10172 | Lair:2   | 10172 ||| RETREEEEATING.
 10173 | Lair:2   | 10173 ||| RETREEEEATING.
 10175 | Lair:2   | 10175 ||| RETREEEEATING.
 10176 | Lair:2   | 10176 ||| RETREEEEATING.
 10177 | Lair:2   | 10177 ||| RETREEEEATING.
 10178 | Lair:2   | 10178 ||| RETREEEEATING.
 10204 | Lair:3   | 10204 ||| STAIRDANCE
 10206 | Lair:2   | 10206 ||| RETREEEEATING.
 10207 | Lair:2   | 10207 ||| RETREEEEATING.
 10208 | Lair:2   | 10208 ||| RETREEEEATING.
 10209 | Lair:2   | 10209 ||| RETREEEEATING.
 10210 | Lair:2   | 10210 ||| RETREEEEATING.
 10211 | Lair:2   | 10211 ||| RETREEEEATING.
 10212 | Lair:2   | 10212 ||| RETREEEEATING.
 10213 | Lair:2   | 10213 ||| RETREEEEATING.
 10215 | Lair:2   | 10215 ||| RETREEEEATING.
 10216 | Lair:2   | 10216 ||| RETREEEEATING.
 10217 | Lair:2   | 10217 ||| RETREEEEATING.
 10218 | Lair:2   | 10218 ||| RETREEEEATING.
 10241 | Lair:3   | 10241 ||| STAIRDANCE
 10243 | Lair:2   | 10243 ||| RETREEEEATING.
 10244 | Lair:2   | 10244 ||| RETREEEEATING.
 10245 | Lair:2   | 10245 ||| RETREEEEATING.
 10246 | Lair:2   | 10246 ||| RETREEEEATING.
 10247 | Lair:2   | 10247 ||| RETREEEEATING.
 10248 | Lair:2   | 10248 ||| RETREEEEATING.
 10249 | Lair:2   | 10249 ||| RETREEEEATING.
 10250 | Lair:2   | 10250 ||| RETREEEEATING.
 10251 | Lair:2   | 10251 ||| RETREEEEATING.
 10252 | Lair:2   | 10252 ||| INVOKING Finesse.
 10331 | Lair:3   | 10331 ||| INVOKING Finesse.
 10340 | Lair:3   | Killed Gastronok
 10391 | Lair:3   | Found a frozen archway.
 10442 | Lair:3   | Noticed Prince Ribbit
 10445 | Lair:3   | Killed Prince Ribbit
 10459 | Lair:3   | 10459 ||| RETREEEEATING.
 10459 | Lair:3   | Noticed Rupert
 10460 | Lair:3   | 10460 ||| RETREEEEATING.
 10462 | Lair:3   | 10462 ||| RETREEEEATING.
 10463 | Lair:3   | 10463 ||| RETREEEEATING.
 10464 | Lair:3   | 10464 ||| RETREEEEATING.
 10465 | Lair:3   | 10465 ||| RETREEEEATING.
 10466 | Lair:3   | 10466 ||| RETREEEEATING.
 10467 | Lair:3   | 10467 ||| RETREEEEATING.
 10482 | Lair:3   | Reached skill level 6 in Dodging
 10508 | Lair:3   | 10508 ||| RETREEEEATING.
 10509 | Lair:3   | 10509 ||| RETREEEEATING.
 10510 | Lair:3   | 10510 ||| RETREEEEATING.
 10511 | Lair:3   | 10511 ||| RETREEEEATING.
 10512 | Lair:3   | 10512 ||| RETREEEEATING.
 10513 | Lair:3   | 10513 ||| RETREEEEATING.
 10514 | Lair:3   | 10514 ||| RETREEEEATING.
 10541 | Lair:3   | 10541 ||| INVOKING Finesse.
 10546 | Lair:3   | 10546 ||| INVOKING Heroism.
 10550 | Lair:3   | HP: 21/84 [Rupert/+2 heavy great mace (30)]
 10551 | Lair:3   | 10551 ||| READING 2 scrolls of teleportation.
 10551 | Lair:3   | HP: 3/84 [Rupert/+2 heavy great mace (20)]
 10552 | Lair:3   | 10552 ||| DRINKING potion of heal wounds.
 10556 | Lair:3   | 10556 ||| FLEEEEING.
 10573 | Lair:3   | 10573 ||| FLEEEEING.
 10617 | Lair:3   | 10617 ||| INVOKING Finesse.
 10617 | Lair:3   | Paralysed by Rupert for 5 turns
 10627 | Lair:3   | 10627 ||| INVOKING Heroism.
 10629 | Lair:3   | Killed Rupert
 10674 | Lair:3   | Found a staircase to the Snake Pit.
 10918 | Lair:3   | Received a gift from Okawaru
 10996 | Lair:3   | 10996 ||| READING 3 scrolls of identify.
 10996 | Lair:3   | 10996 ||| IDENTIFYING scroll labelled KAFEAV DIDEDD
 10997 | Lair:3   | 10997 ||| DROPPING scroll of amnesia.
 11047 | Lair:4   | 11047 ||| PLANNING GAUNTLET
 11149 | Lair:4   | 11149 ||| RETREEEEATING.
 11152 | Lair:4   | 11152 ||| RETREEEEATING.
 11156 | Lair:4   | 11156 ||| RETREEEEATING.
 11161 | Lair:4   | 11161 ||| RETREEEEATING.
 11163 | Lair:4   | Reached skill level 18 in Ranged Weapons
 11167 | Lair:4   | Gained mutation: Your large and strong wings let you fly.
                  | [Gargoyle growth]
 11167 | Lair:4   | Reached XP level 14. HP: 90/90 MP: 21/21
 11410 | Lair:4   | 11410 ||| RETREEEEATING.
 11411 | Lair:4   | 11411 ||| RETREEEEATING.
 11640 | Lair:4   | 11640 ||| RIP GAUNTLET
 11674 | Lair:4   | 11674 ||| PLANNING LAIR
 11690 | Lair:4   | Noticed Nessos
 11691 | Lair:4   | 11691 ||| INVOKING Finesse.
 11698 | Lair:4   | Killed Nessos
 11706 | Lair:4   | Reached skill level 12 in Fighting
 11901 | Lair:4   | Found a staircase to the Slime Pits.
 12034 | Lair:4   | 12034 ||| UPGRADING to +6 ring of strength.
 12035 | Lair:4   | 12035 ||| READING 4 scrolls of identify.
 12035 | Lair:4   | 12035 ||| IDENTIFYING scroll labelled JEDIT OFEYNUD
 12036 | Lair:4   | 12036 ||| DROPPING scroll of revelation.
 12063 | Lair:5   | Entered Level 5 of the Lair of Beasts
 12067 | Lair:5   | 12067 ||| STAIRDANCE
 12074 | Lair:5   | 12074 ||| STAIRDANCE
 12115 | Lair:5   | 12115 ||| STAIRDANCE
 12118 | Lair:4   | 12118 ||| FLEEEEING.
 12148 | Lair:5   | 12148 ||| RETREEEEATING.
 12388 | Lair:5   | 12388 ||| RETREEEEATING.
 12441 | Lair:5   | Received a gift from Okawaru
 12592 | Lair:5   | 12592 ||| Stepping ~*~*~tactically~*~*~ (cloud).
 12593 | Lair:5   | 12593 ||| FLEEEEING.
 12596 | Lair:5   | 12596 ||| FLEEEEING.
 12597 | Lair:5   | 12597 ||| FLEEEEING.
 12598 | Lair:5   | 12598 ||| FLEEEEING.
 12599 | Lair:5   | 12599 ||| FLEEEEING.
 12600 | Lair:5   | 12600 ||| FLEEEEING.
 12691 | Lair:5   | Identified the +4 trident of Expedience {vamp, Str+3}
 12844 | Lair:5   | 12844 ||| RETREEEEATING.
 12846 | Lair:5   | 12846 ||| RETREEEEATING.
 12849 | Lair:5   | 12849 ||| RETREEEEATING.
 12850 | Lair:5   | 12850 ||| RETREEEEATING.
 12851 | Lair:5   | 12851 ||| RETREEEEATING.
 12852 | Lair:5   | 12852 ||| RETREEEEATING.
 12853 | Lair:5   | 12853 ||| RETREEEEATING.
 12854 | Lair:5   | 12854 ||| RETREEEEATING.
 12855 | Lair:5   | 12855 ||| RETREEEEATING.
 12856 | Lair:5   | 12856 ||| RETREEEEATING.
 12857 | Lair:5   | 12857 ||| RETREEEEATING.
 12858 | Lair:5   | 12858 ||| RETREEEEATING.
 12859 | Lair:5   | 12859 ||| RETREEEEATING.
 12860 | Lair:5   | 12860 ||| RETREEEEATING.
 12869 | Lair:5   | 12869 ||| FLEEEEING.
 12930 | Lair:5   | Reached ****** piety under Okawaru
 12931 | Lair:5   | Reached skill level 13 in Fighting
 12931 | Lair:5   | 12931 ||| INVOKING Receive Weapon.
 12931 | Lair:5   | 12931 ||| ACQUIRING +6 arbalest "Damnation" {damnation}
 12931 | Lair:5   | Acquired the +6 arbalest "Damnation" {damnation}
 12931 | Lair:5   | Received a gift from Okawaru
 12931 | Lair:5   | Found the +6 arbalest "Damnation" {damnation}
 12932 | Lair:5   | 12932 ||| INVOKING Receive Armour.
 12932 | Lair:5   | 12932 ||| ACQUIRING +1 cloak of Starlight {*Dazzle EV+4
                  | Stlth--}
 12932 | Lair:5   | Acquired the +1 cloak of Starlight {*Dazzle EV+4 Stlth--}
 12932 | Lair:5   | Received a gift from Okawaru
 12932 | Lair:5   | Found the +1 cloak of Starlight {*Dazzle EV+4 Stlth--}
 12934 | Lair:5   | 12934 ||| SWAPPING to +6 arbalest "Damnation" {damnation}.
 12935 | Lair:5   | 12935 ||| DROPPING +9 longbow of Evil {flame, rN++ Str+4
                  | Int-3}.
 13039 | Lair:5   | 13039 ||| RETREEEEATING.
 13040 | Lair:5   | 13040 ||| INVOKING Finesse.
 13045 | Lair:5   | Received a gift from Okawaru
 13264 | Lair:5   | 13264 ||| PLANNING D:1-11
 13264 | Lair:5   | 13264 ||| UPGRADING to +0 cloak of Pebikh {rC- rN++ rCorr
                  | Int+3}.
 13269 | Lair:5   | 13269 ||| UPGRADING to +2 ring mail of Zin's Inspiration
                  | {rPois rC+ Str-4}.
 13279 | Lair:5   | 13279 ||| UPGRADING to +1 cloak of Starlight {*Dazzle EV+4
                  | Stlth--}.
 13289 | Lair:5   | 13289 ||| DROPPING +0 cloak of Pebikh {rC- rN++ rCorr
                  | Int+3}.
 13290 | Lair:5   | 13290 ||| UPGRADING to +0 troll leather armour.
 13300 | Lair:5   | 13300 ||| READING 6 scrolls of identify.
 13300 | Lair:5   | 13300 ||| IDENTIFYING lumpy brown potion
 13301 | Lair:5   | 13301 ||| DROPPING potion of invisibility.
 13598 | D:11     | Found Filelad's General Store.
 13607 | D:11     | 13607 ||| BUYING potion of heal wounds (80 gold).
 13607 | D:11     | Bought a potion of heal wounds for 80 gold pieces
 13607 | D:11     | 13607 ||| BUYING scroll of enchant weapon (120 gold).
 13607 | D:11     | Bought a scroll of enchant weapon for 120 gold pieces
 13607 | D:11     | 13607 ||| BUYING scroll of teleportation (48 gold).
 13607 | D:11     | Bought a scroll of teleportation for 48 gold pieces
 13614 | D:11     | Found Adagy's Book Emporium.
 13637 | D:11     | Found Cohan's Antique Armour Emporium.
 13645 | D:11     | 13645 ||| BUYING glowing cloak (165 gold).
 13645 | D:11     | Bought a glowing cloak for 165 gold pieces
 13645 | D:11     | 13645 ||| BUYING runed leather armour (110 gold).
 13645 | D:11     | Bought a runed leather armour for 110 gold pieces
 13645 | D:11     | 13645 ||| BUYING steaming robe (125 gold).
 13645 | D:11     | Bought a steaming robe for 125 gold pieces
 13645 | D:11     | Identified the +5 robe "Raahudgh" {rPois} (You bought it in
                  | a shop on level 11 of the Dungeon)
 13647 | D:11     | Found a staircase to the Orcish Mines.
 13696 | D:11     | Found Xasolor's Magic Scroll Shoppe.
 13707 | D:11     | 13707 ||| BUYING scroll of enchant armour (90 gold).
 13707 | D:11     | Bought a scroll of enchant armour for 90 gold pieces
 13707 | D:11     | 13707 ||| BUYING scroll of identify (24 gold).
 13707 | D:11     | Bought a scroll of identify for 24 gold pieces
 13707 | D:11     | 13707 ||| BUYING scroll of identify (24 gold).
 13707 | D:11     | Bought a scroll of identify for 24 gold pieces
 13707 | D:11     | 13707 ||| BUYING scroll of teleportation (36 gold).
 13707 | D:11     | Bought a scroll of teleportation for 36 gold pieces
 13707 | D:11     | 13707 ||| BUYING scroll of teleportation (36 gold).
 13707 | D:11     | Bought a scroll of teleportation for 36 gold pieces
 13707 | D:11     | 13707 ||| READING scroll of enchant armour.
 13707 | D:11     | 13707 ||| ENCHANTING +0 pair of boots.
 13739 | D:11     | Reached XP level 15. HP: 100/100 MP: 22/22
 13742 | D:11     | Received a gift from Okawaru
 13754 | D:11     | Found Fukhla Modu's Antique Weapon Shop.
 14068 | D:11     | 14068 ||| PLANNING D
 14068 | D:11     | 14068 ||| DROPPING +1 cloak of preservation.
 14069 | D:11     | 14069 ||| UPGRADING to +2 leather armour of fire
                  | resistance.
 14079 | D:11     | 14079 ||| DROPPING +5 robe "Raahudgh" {rPois}.
 14080 | D:11     | 14080 ||| DROPPING ring of ice.
 14081 | D:11     | 14081 ||| DROPPING ring of positive energy.
 14082 | D:11     | 14082 ||| UPGRADING to +4 ring of slaying {mikee}.
 14084 | D:11     | 14084 ||| UPGRADING to ring of protection from cold.
 14086 | D:11     | 14086 ||| READING 7 scrolls of identify.
 14086 | D:11     | 14086 ||| IDENTIFYING scroll labelled HOWAKHL XYULUTO
 14087 | D:11     | 14087 ||| DROPPING scroll of silence.
 14108 | D:12     | Reached skill level 6 in Armour
 14285 | D:12     | Found a large runed translucent door.
 14287 | D:12     | Found a large runed translucent door.
 14288 | D:12     | Noticed a storm dragon
 14288 | D:12     | Noticed a fire giant
 14289 | D:12     | Found a large runed translucent door.
 14290 | D:12     | Found a large runed translucent door.
 14364 | D:12     | 14364 ||| RETREEEEATING.
 14365 | D:12     | 14365 ||| RETREEEEATING.
 14366 | D:12     | 14366 ||| RETREEEEATING.
 14367 | D:12     | 14367 ||| INVOKING Finesse.
 14373 | D:12     | Reached skill level 14 in Fighting
 14393 | D:12     | 14393 ||| FLEEEEING.
 14559 | D:12     | 14559 ||| FLEEEEING.
 14566 | D:12     | Received a gift from Okawaru
 14574 | D:12     | Found a large runed translucent door.
 14577 | D:12     | Found a large runed translucent door.
 14578 | D:12     | Found a large runed translucent door.
 14579 | D:12     | Found a large runed translucent door.
 14842 | D:13     | Reached skill level 15 in Fighting
 14849 | D:13     | 14849 ||| FLEEEEING.
 15108 | D:13     | Found Dipid's Blood Bar.
 15116 | D:13     | Received a gift from Okawaru
 15117 | D:13     | 15117 ||| READING 6 scrolls of identify.
 15117 | D:13     | 15117 ||| IDENTIFYING bubbling ruby potion
 15123 | D:13     | Reached skill level 9 in Dodging
 15156 | D:13     | 15156 ||| RETREEEEATING.
 15399 | D:13     | 15399 ||| FLEEEEING.
 15400 | D:13     | 15400 ||| FLEEEEING.
 15401 | D:13     | 15401 ||| FLEEEEING.
 15407 | D:13     | 15407 ||| RETREEEEATING.
 15408 | D:13     | 15408 ||| RETREEEEATING.
 15417 | D:13     | 15417 ||| INVOKING Finesse.
 15523 | D:13     | Identified the amulet of Ybierer {rElec rC- Regen+ SInv}
 15525 | D:13     | Reached skill level 16 in Fighting
 15529 | D:13     | Reached XP level 16. HP: 102/110 MP: 23/23
 15533 | D:13     | Received a gift from Okawaru
 15748 | D:13     | 15748 ||| DROPPING +2 cloak of stealth.
 15749 | D:13     | 15749 ||| UPGRADING to amulet of Ybierer {rElec rC- Regen+
                  | SInv}.
 15759 | D:13     | 15759 ||| DROPPING potion of brilliance.
 15817 | D:14     | 15817 ||| FLEEEEING.
 15847 | D:14     | 15847 ||| RETREEEEATING.
 15921 | D:14     | Noticed Louise
 15925 | D:14     | Killed Louise
 15926 | D:14     | Reached skill level 17 in Fighting
 15966 | D:14     | Found Qyol's Antique Armour Boutique.
 16297 | D:14     | Noticed Agnes
 16298 | D:14     | 16298 ||| INVOKING Finesse.
 16305 | D:14     | Killed Agnes
 16457 | D:14     | Received a gift from Okawaru
 16489 | D:14     | Found a gate to the Vaults.
 16525 | D:14     | 16525 ||| UPGRADING to +5 ring of evasion.
 16527 | D:14     | 16527 ||| DROPPING +6 ring of strength.
 16528 | D:14     | 16528 ||| UPGRADING to +4 ring of slaying {mikee}.
 16530 | D:14     | 16530 ||| UPGRADING to +2 ring mail of Zin's Inspiration
                  | {rPois rC+ Str-4}.
 16540 | D:14     | 16540 ||| DROPPING ring of protection from cold.
 16574 | D:15     | Entered Level 15 of the Dungeon
 16693 | D:15     | 16693 ||| RETREEEEATING.
 16699 | D:15     | Noticed Kirke
 16702 | D:15     | 16702 ||| INVOKING Finesse.
 16709 | D:15     | Killed Kirke
 16824 | D:15     | 16824 ||| RETREEEEATING.
 16825 | D:15     | 16825 ||| RETREEEEATING.
 16826 | D:15     | 16826 ||| RETREEEEATING.
 16827 | D:15     | 16827 ||| RETREEEEATING.
 16829 | D:15     | 16829 ||| RETREEEEATING.
 16863 | D:15     | Found a sparkling altar of Nemelex Xobeh.
 16897 | D:15     | 16897 ||| RETREEEEATING.
 16901 | D:15     | Reached skill level 9 in Armour
 16908 | D:15     | Received a gift from Okawaru
 16926 | D:15     | 16926 ||| RETREEEEATING.
 16930 | D:15     | 16930 ||| RETREEEEATING.
 16931 | D:15     | 16931 ||| RETREEEEATING.
 16932 | D:15     | 16932 ||| RETREEEEATING.
 16938 | D:15     | 16938 ||| RETREEEEATING.
 16950 | D:15     | 16950 ||| INVOKING Finesse.
 16995 | D:15     | Found a staircase to the Depths.
 17068 | D:15     | Identified the +0 pair of gloves "Otiantie" {Int+5}
 17221 | D:15     | 17221 ||| RETREEEEATING.
 17222 | D:15     | 17222 ||| RETREEEEATING.
 17223 | D:15     | 17223 ||| RETREEEEATING.
 17224 | D:15     | 17224 ||| RETREEEEATING.
 17225 | D:15     | 17225 ||| RETREEEEATING.
 17226 | D:15     | 17226 ||| RETREEEEATING.
 17227 | D:15     | 17227 ||| RETREEEEATING.
 17228 | D:15     | 17228 ||| RETREEEEATING.
 17230 | D:15     | 17230 ||| RETREEEEATING.
 17231 | D:15     | 17231 ||| RETREEEEATING.
 17233 | D:15     | 17233 ||| RETREEEEATING.
 17234 | D:15     | 17234 ||| RETREEEEATING.
 17238 | D:15     | 17238 ||| RETREEEEATING.
 17241 | D:15     | 17241 ||| RETREEEEATING.
 17243 | D:15     | 17243 ||| RETREEEEATING.
 17244 | D:15     | 17244 ||| RETREEEEATING.
 17245 | D:15     | 17245 ||| RETREEEEATING.
 17246 | D:15     | 17246 ||| RETREEEEATING.
 17247 | D:15     | 17247 ||| RETREEEEATING.
 17248 | D:15     | 17248 ||| RETREEEEATING.
 17249 | D:15     | 17249 ||| RETREEEEATING.
 17250 | D:15     | 17250 ||| RETREEEEATING.
 17381 | D:15     | 17381 ||| PLANNING ORC
 17381 | D:15     | 17381 ||| DROPPING +0 pair of gloves "Otiantie" {Int+5}.
 17382 | D:15     | 17382 ||| READING 6 scrolls of identify.
 17382 | D:15     | 17382 ||| IDENTIFYING green potion
 17481 | Orc:1    | Entered Level 1 of the Orcish Mines
 17635 | Orc:1    | Found Peimui's Jewellery Boutique.
 17642 | Orc:1    | 17642 ||| BUYING ring "Sugamep" {+Blink rPois rF++ Int+2}
                  | (891 gold).
 17642 | Orc:1    | Bought the ring "Sugamep" {+Blink rPois rF++ Int+2} for 891
                  | gold pieces
 17785 | Orc:1    | 17785 ||| DROPPING ring of fire.
 17836 | Orc:2    | Entered Level 2 of the Orcish Mines
 18198 | Orc:1    | Reached skill level 18 in Fighting
 18210 | Orc:1    | 18210 ||| INVOKING Finesse.
 18257 | Orc:1    | 18257 ||| RETREEEEATING.
 18260 | Orc:1    | 18260 ||| RETREEEEATING.
 18261 | Orc:1    | 18261 ||| RETREEEEATING.
 18262 | Orc:1    | 18262 ||| RETREEEEATING.
 18263 | Orc:1    | 18263 ||| RETREEEEATING.
 18264 | Orc:1    | 18264 ||| RETREEEEATING.
 18265 | Orc:1    | 18265 ||| INVOKING Finesse.
 18268 | Orc:1    | Reached XP level 17. HP: 112/119 MP: 18/24
 18439 | Orc:1    | Identified the +1 pair of boots of Hopscotch {-Cast +Blink
                  | rF+}
 18597 | Orc:1    | 18597 ||| DROPPING +2 robe.
 18598 | Orc:1    | 18598 ||| UPGRADING to +1 pair of boots of Hopscotch {-Cast
                  | +Blink rF+}.
 18608 | Orc:1    | 18608 ||| DROPPING +1 pair of boots.
 18654 | Orc:2    | Paralysed by an orc sorcerer for 5 turns
 18659 | Orc:2    | Received a gift from Okawaru
 18720 | Orc:2    | Found a staircase to the Elven Halls.
 18748 | Orc:2    | 18748 ||| RETREEEEATING.
 18750 | Orc:2    | 18750 ||| INVOKING Finesse.
 18785 | Orc:2    | Found Vowiav's Antique Armour Emporium.
 18792 | Orc:2    | Found Qodifash's Assorted Antiques.
 18796 | Orc:2    | 18796 ||| BUYING pair of runed boots (307 gold).
 18796 | Orc:2    | Bought a pair of runed boots for 307 gold pieces
 18799 | Orc:2    | 18799 ||| BUYING 2 potions of curing (150 gold).
 18799 | Orc:2    | Bought 2 potions of curing for 150 gold pieces
 18799 | Orc:2    | 18799 ||| BUYING potion of enlightenment (125 gold).
 18799 | Orc:2    | Bought a potion of enlightenment for 125 gold pieces
 18799 | Orc:2    | 18799 ||| BUYING potion of heal wounds (125 gold).
 18799 | Orc:2    | Bought a potion of heal wounds for 125 gold pieces
 18799 | Orc:2    | 18799 ||| BUYING potion of heal wounds (125 gold).
 18799 | Orc:2    | Bought a potion of heal wounds for 125 gold pieces
 18799 | Orc:2    | 18799 ||| SHOPLISTING scroll of enchant weapon (187 gold,
                  | have 48).
 18799 | Orc:2    | 18799 ||| SHOPLISTING scroll of teleportation (75 gold,
                  | have 48).
 18799 | Orc:2    | 18799 ||| SHOPLISTING steaming platinum ring (125 gold,
                  | have 48).
 18799 | Orc:2    | Found Soiwep's Armour Shop.
 18801 | Orc:2    | Found Oxzaphem's Armour Emporium.
 19154 | Orc:2    | 19154 ||| PLANNING SHOALS:1-3
 19154 | Orc:2    | 19154 ||| DROPPING +1 pair of boots.
 19340 | Shoals:1 | Entered Level 1 of the Shoals
 19346 | Shoals:1 | 19346 ||| STAIRDANCE
 19360 | Shoals:1 | 19360 ||| INVOKING Finesse.
 19365 | Shoals:1 | Reached skill level 19 in Fighting
 19468 | Shoals:1 | Found the ring of Shadows {Umbra +Inv Stlth+}
 19474 | Shoals:1 | Noticed Roxanne
 19484 | Shoals:1 | Received a gift from Okawaru
 19490 | Shoals:1 | Killed Roxanne
 19660 | Shoals:1 | Found Dytuig's Distillery.
 19668 | Shoals:1 | 19668 ||| BUYING 2 potions of curing (90 gold).
 19668 | Shoals:1 | Bought 2 potions of curing for 90 gold pieces
 19668 | Shoals:1 | 19668 ||| SHOPLISTING 2 potions of enlightenment (150 gold,
                  | have 100).
 19668 | Shoals:1 | 19668 ||| SHOPLISTING 2 potions of haste (300 gold, have
                  | 100).
 19668 | Shoals:1 | 19668 ||| BUYING potion of curing (45 gold).
 19668 | Shoals:1 | Bought a potion of curing for 45 gold pieces
 19668 | Shoals:1 | 19668 ||| BUYING potion of curing (45 gold).
 19668 | Shoals:1 | Bought a potion of curing for 45 gold pieces
 19668 | Shoals:1 | 19668 ||| SHOPLISTING potion of heal wounds (75 gold, have
                  | 10).
 19668 | Shoals:1 | 19668 ||| SHOPLISTING potion of might (60 gold, have 10).
 19668 | Shoals:1 | 19668 ||| SHOPLISTING potion of mutation (120 gold, have
                  | 10).
 19906 | Shoals:1 | Identified the +1 pair of gloves of Uwefafa {Will+++
                  | Stlth-}
 20117 | Shoals:1 | 20117 ||| UPGRADING to +1 pair of gloves of Uwefafa
                  | {Will+++ Stlth-}.
 20175 | Shoals:2 | 20175 ||| FLEEEEING.
 20176 | Shoals:2 | 20176 ||| FLEEEEING.
 20180 | Shoals:2 | 20180 ||| RETREEEEATING.
 20181 | Shoals:2 | 20181 ||| RETREEEEATING.
 20182 | Shoals:2 | 20182 ||| RETREEEEATING.
 20183 | Shoals:2 | 20183 ||| RETREEEEATING.
 20184 | Shoals:2 | 20184 ||| RETREEEEATING.
 20185 | Shoals:2 | 20185 ||| RETREEEEATING.
 20186 | Shoals:2 | 20186 ||| RETREEEEATING.
 20187 | Shoals:2 | 20187 ||| RETREEEEATING.
 20189 | Shoals:2 | 20189 ||| FLEEEEING.
 20193 | Shoals:2 | 20193 ||| FLEEEEING.
 20408 | Shoals:2 | You are sucked into a shaft and drop 1 floor!
 20414 | Shoals:3 | Reached skill level 12 in Armour
 20541 | Shoals:3 | 20541 ||| DROPPING amulet of magic regeneration.
 20934 | Shoals:2 | 20934 ||| FLEEEEING.
 21109 | Shoals:3 | 21109 ||| STAIRDANCE
 21111 | Shoals:2 | 21111 ||| FLEEEEING.
 21167 | Shoals:3 | Found a runed translucent gate.
 21167 | Shoals:3 | Found a runed translucent gate.
 21167 | Shoals:3 | Found a runed translucent gate.
 21170 | Shoals:3 | Noticed popps's ghost (adept GrFi)
 21446 | Shoals:3 | Received a gift from Okawaru
 21463 | Shoals:3 | 21463 ||| RETREEEEATING.
 21464 | Shoals:3 | 21464 ||| RETREEEEATING.
 21465 | Shoals:3 | 21465 ||| RETREEEEATING.
 21466 | Shoals:3 | 21466 ||| RETREEEEATING.
 21467 | Shoals:3 | 21467 ||| RETREEEEATING.
 21468 | Shoals:3 | 21468 ||| RETREEEEATING.
 21469 | Shoals:3 | 21469 ||| RETREEEEATING.
 21470 | Shoals:3 | 21470 ||| RETREEEEATING.
 21471 | Shoals:3 | 21471 ||| RETREEEEATING.
 21472 | Shoals:3 | 21472 ||| RETREEEEATING.
 21473 | Shoals:3 | 21473 ||| RETREEEEATING.
 21480 | Shoals:3 | 21480 ||| RETREEEEATING.
 21481 | Shoals:3 | 21481 ||| RETREEEEATING.
 21482 | Shoals:3 | 21482 ||| RETREEEEATING.
 21483 | Shoals:3 | 21483 ||| RETREEEEATING.
 21796 | Shoals:3 | 21796 ||| PLANNING SNAKE:1-3
 21796 | Shoals:3 | 21796 ||| DROPPING +4 ring of protection.
 21905 | Snake:1  | Entered Level 1 of the Snake Pit
 21907 | Snake:1  | 21907 ||| STAIRDANCE
 21912 | Snake:1  | 21912 ||| STAIRDANCE
 21921 | Snake:1  | 21921 ||| STAIRDANCE
 21930 | Snake:1  | 21930 ||| INVOKING Finesse.
 21996 | Snake:1  | Reached skill level 20 in Fighting
 22000 | Snake:1  | 22000 ||| FLEEEEING.
 22192 | Snake:1  | 22192 ||| RETREEEEATING.
 22193 | Snake:1  | 22193 ||| RETREEEEATING.
 22194 | Snake:1  | 22194 ||| RETREEEEATING.
 22195 | Snake:1  | 22195 ||| RETREEEEATING.
 22196 | Snake:1  | 22196 ||| RETREEEEATING.
 22203 | Snake:1  | 22203 ||| ZAPPING wand of acid (2) at -2,3 (naga mage;
                  | floor).
 22204 | Snake:1  | 22204 ||| ZAPPING wand of acid (1) at -1,2 (naga mage;
                  | floor).
 22205 | Snake:1  | 22205 ||| INVOKING Finesse.
 22206 | Snake:1  | Received a gift from Okawaru
 22535 | Snake:2  | 22535 ||| INVOKING Finesse.
 22543 | Snake:2  | Reached XP level 18. HP: 129/129 MP: 20/25
 22575 | Snake:2  | Noticed Frances
 22580 | Snake:2  | Killed Frances
 22731 | Snake:2  | Found Kaistroe's Distillery.
 22737 | Snake:2  | 22737 ||| BUYING 2 potions of curing (120 gold).
 22737 | Snake:2  | Bought 2 potions of curing for 120 gold pieces
 22737 | Snake:2  | 22737 ||| BUYING 2 potions of might (160 gold).
 22737 | Snake:2  | Bought 2 potions of might for 160 gold pieces
 22737 | Snake:2  | 22737 ||| BUYING potion of curing (60 gold).
 22737 | Snake:2  | Bought a potion of curing for 60 gold pieces
 22737 | Snake:2  | 22737 ||| SHOPLISTING potion of enlightenment (100 gold,
                  | have 11).
 22737 | Snake:2  | 22737 ||| SHOPLISTING potion of might (80 gold, have 11).
 22881 | Snake:2  | 22881 ||| RETREEEEATING.
 22884 | Snake:2  | 22884 ||| INVOKING Finesse.
 23158 | Snake:2  | 23158 ||| INVOKING Finesse.
 23326 | Snake:2  | 23326 ||| DROPPING wand of mindburst (4).
 23361 | Snake:3  | 23361 ||| PLANNING BAZAAR
 23383 | Snake:3  | Found a flickering gateway to a bazaar.
 23390 | Bazaar   | Entered a bazaar
 23394 | Bazaar   | Found Wafuun's Jewellery Boutique.
 23416 | Bazaar   | Found Doseskec's Antique Weapon Emporium.
 23437 | Bazaar   | Found Odunuxew's Assorted Antiques.
 23457 | Bazaar   | Found Tiesab's Antique Weapon Shoppe.
 23495 | Snake:3  | 23495 ||| PLANNING SNAKE:1-3
 23505 | Snake:3  | Noticed Vashnia
 23506 | Snake:3  | 23506 ||| INVOKING Finesse.
 23509 | Snake:3  | Reached skill level 21 in Fighting
 23516 | Snake:3  | Killed Vashnia
 23516 | Snake:3  | Received a gift from Okawaru
 23564 | Snake:3  | Found Ataeveje's Distillery.
 23572 | Snake:3  | 23572 ||| SHOPLISTING 2 potions of magic (160 gold, have
                  | 30).
 23572 | Snake:3  | 23572 ||| BUYING potion of curing (30 gold).
 23572 | Snake:3  | Bought a potion of curing for 30 gold pieces
 23572 | Snake:3  | 23572 ||| SHOPLISTING potion of enlightenment (50 gold,
                  | have 0).
 23572 | Snake:3  | 23572 ||| SHOPLISTING potion of haste (100 gold, have 0).
 23572 | Snake:3  | 23572 ||| SHOPLISTING potion of mutation (80 gold, have 0).
 23572 | Snake:3  | 23572 ||| SHOPLISTING potion of resistance (100 gold, have
                  | 0).
 23644 | Snake:3  | Found a transporter.
 23665 | Snake:3  | Found a huge runed translucent gate.
 23666 | Snake:3  | Found a huge runed translucent gate.
 23670 | Snake:3  | Found a huge runed translucent gate.
 23670 | Snake:3  | Found a huge runed translucent gate.
 23670 | Snake:3  | Found a huge runed translucent gate.
 23713 | Snake:3  | Received a gift from Okawaru
 23944 | Snake:3  | Found a transporter.
 24082 | Snake:3  | 24082 ||| PLANNING SHOALS:4
 24236 | Shoals:4 | Entered Level 4 of the Shoals
 24240 | Shoals:4 | 24240 ||| RETREEEEATING.
 24243 | Shoals:4 | 24243 ||| INVOKING Finesse.
 24252 | Shoals:4 | 24252 ||| INVOKING Heroism.
 24267 | Shoals:4 | Reached skill level 22 in Fighting
 24290 | Shoals:4 | Received a gift from Okawaru
 24461 | Shoals:4 | Found a glowing silver altar of Zin.
 24466 | Shoals:4 | 24466 ||| INVOKING Finesse.
 24473 | Shoals:4 | Reached XP level 19. HP: 123/139 MP: 20/26
 24478 | Shoals:4 | Reached skill level 12 in Dodging
 24590 | Shoals:4 | 24590 ||| RETREEEEATING.
 24591 | Shoals:4 | 24591 ||| RETREEEEATING.
 24592 | Shoals:4 | 24592 ||| RETREEEEATING.
 24688 | Shoals:4 | Found a white marble altar of Elyvilon.
 24689 | Shoals:4 | 24689 ||| RETREEEEATING.
 24690 | Shoals:4 | 24690 ||| INVOKING Finesse.
 24692 | Shoals:4 | 24692 ||| INVOKING Heroism.
 24698 | Shoals:4 | Received a gift from Okawaru
 24717 | Shoals:4 | 24717 ||| FLEEEEING.
 24943 | Shoals:4 | Found a glowing golden altar of the Shining One.
 25056 | Shoals:4 | Got a barnacled rune of Zot
 25057 | Shoals:4 | 25057 ||| PLANNING VAULTS:1-4
 25265 | Vaults:1 | Entered Level 1 of the Vaults
 25266 | Vaults:1 | 25266 ||| STAIRDANCE
 25275 | D:14     | 25275 ||| FLEEEEING.
 25397 | Vaults:1 | Found Ageiq's Antique Armour Emporium.
 25572 | Vaults:1 | Identified the +1 whip of the Boiling Point {vamp, rPois
                  | rCorr Dex+4}
 25645 | Vaults:1 | 25645 ||| RETREEEEATING.
 25646 | Vaults:1 | 25646 ||| INVOKING Finesse.
 25739 | Vaults:1 | 25739 ||| RETREEEEATING.
 25741 | Vaults:1 | 25741 ||| RETREEEEATING.
 25743 | Vaults:1 | 25743 ||| RETREEEEATING.
 25750 | Vaults:1 | 25750 ||| RETREEEEATING.
 25751 | Vaults:1 | 25751 ||| RETREEEEATING.
 25752 | Vaults:1 | 25752 ||| RETREEEEATING.
 25975 | Vaults:1 | Found Afuteaw's Weapon Boutique.
 25995 | Vaults:1 | Identified the +1 glaive of Eregem {venom, rN+ rCorr Str+4
                  | SInv}
 26007 | Vaults:1 | 26007 ||| DROPPING amulet of regeneration.
 26015 | Vaults:1 | 26015 ||| RETREEEEATING.
 26017 | Vaults:1 | 26017 ||| RETREEEEATING.
 26018 | Vaults:1 | 26018 ||| RETREEEEATING.
 26019 | Vaults:1 | 26019 ||| RETREEEEATING.
 26020 | Vaults:1 | 26020 ||| RETREEEEATING.
 26021 | Vaults:1 | 26021 ||| INVOKING Finesse.
 26028 | Vaults:1 | Reached skill level 23 in Fighting
 26073 | Vaults:1 | Received a gift from Okawaru
 26095 | Vaults:1 | Identified the +0 helmet of Supple Strength {rC- Regen+
                  | Dex+2}
 26303 | Vaults:1 | 26303 ||| INVOKING Finesse.
 26307 | Vaults:1 | Reached skill level 15 in Armour
 26369 | Vaults:1 | 26369 ||| UPGRADING to +0 helmet of Supple Strength {rC-
                  | Regen+ Dex+2}.
 26379 | Vaults:1 | 26379 ||| DROPPING +2 hat.
 26380 | Vaults:1 | 26380 ||| UPGRADING to +0 troll leather armour.
 26390 | Vaults:1 | 26390 ||| DROPPING scarf of invisibility.
 26391 | Vaults:1 | 26391 ||| READING 2 scrolls of enchant armour.
 26391 | Vaults:1 | 26391 ||| ENCHANTING +0 troll leather armour.
 26392 | Vaults:1 | 26392 ||| DROPPING +2 ring mail of Zin's Inspiration {rPois
                  | rC+ Str-4}.
 26393 | Vaults:1 | 26393 ||| READING scroll of enchant armour.
 26393 | Vaults:1 | 26393 ||| ENCHANTING +1 troll leather armour.
 26503 | Vaults:2 | 26503 ||| PLANNING BAZAAR
 26505 | Vaults:2 | 26505 ||| STAIRDANCE
 26507 | Vaults:1 | 26507 ||| INVOKING Finesse.
 26537 | Vaults:2 | 26537 ||| STAIRDANCE
 26555 | Vaults:2 | Found Ifyusexze's Weapon Emporium.
 26571 | Vaults:2 | 26571 ||| RETREEEEATING.
 26572 | Vaults:2 | 26572 ||| RETREEEEATING.
 26573 | Vaults:2 | 26573 ||| RETREEEEATING.
 26574 | Vaults:2 | 26574 ||| RETREEEEATING.
 26575 | Vaults:2 | 26575 ||| RETREEEEATING.
 26576 | Vaults:2 | 26576 ||| RETREEEEATING.
 26577 | Vaults:2 | 26577 ||| RETREEEEATING.
 26578 | Vaults:2 | 26578 ||| RETREEEEATING.
 26579 | Vaults:2 | 26579 ||| INVOKING Finesse.
 26616 | Vaults:2 | Received a gift from Okawaru
 26670 | Vaults:2 | 26670 ||| RETREEEEATING.
 26671 | Vaults:2 | 26671 ||| RETREEEEATING.
 26672 | Vaults:2 | 26672 ||| RETREEEEATING.
 26673 | Vaults:2 | 26673 ||| RETREEEEATING.
 26684 | Vaults:2 | Reached XP level 20. HP: 148/148 MP: 27/27
 26720 | Vaults:2 | 26720 ||| RETREEEEATING.
 26721 | Vaults:2 | 26721 ||| RETREEEEATING.
 26722 | Vaults:2 | 26722 ||| RETREEEEATING.
 26723 | Vaults:2 | 26723 ||| RETREEEEATING.
 26724 | Vaults:2 | 26724 ||| RETREEEEATING.
 26725 | Vaults:2 | 26725 ||| RETREEEEATING.
 26730 | Vaults:2 | 26730 ||| RETREEEEATING.
 26731 | Vaults:2 | 26731 ||| RETREEEEATING.
 26732 | Vaults:2 | 26732 ||| RETREEEEATING.
 26733 | Vaults:2 | 26733 ||| RETREEEEATING.
 26734 | Vaults:2 | 26734 ||| RETREEEEATING.
 26736 | Vaults:2 | 26736 ||| RETREEEEATING.
 26737 | Vaults:2 | 26737 ||| RETREEEEATING.
 26739 | Vaults:2 | 26739 ||| RETREEEEATING.
 26740 | Vaults:2 | 26740 ||| RETREEEEATING.
 26741 | Vaults:2 | 26741 ||| RETREEEEATING.
 26753 | Vaults:2 | 26753 ||| RETREEEEATING.
 26759 | Vaults:2 | 26759 ||| RETREEEEATING.
 26764 | Vaults:2 | 26764 ||| RETREEEEATING.
 26765 | Vaults:2 | 26765 ||| RETREEEEATING.
 26766 | Vaults:2 | 26766 ||| RETREEEEATING.
 26840 | Vaults:2 | Found Perchevuale's Armour Shoppe.
 26878 | Vaults:2 | 26878 ||| RETREEEEATING.
 26879 | Vaults:2 | 26879 ||| RETREEEEATING.
 26880 | Vaults:2 | 26880 ||| RETREEEEATING.
 26881 | Vaults:2 | 26881 ||| RETREEEEATING.
 26882 | Vaults:2 | 26882 ||| RETREEEEATING.
 26883 | Vaults:2 | 26883 ||| RETREEEEATING.
 26884 | Vaults:2 | 26884 ||| RETREEEEATING.
 26885 | Vaults:2 | 26885 ||| RETREEEEATING.
 26887 | Vaults:2 | 26887 ||| RETREEEEATING.
 26888 | Vaults:2 | 26888 ||| RETREEEEATING.
 26889 | Vaults:2 | 26889 ||| RETREEEEATING.
 26890 | Vaults:2 | 26890 ||| RETREEEEATING.
 26891 | Vaults:2 | 26891 ||| RETREEEEATING.
 26892 | Vaults:2 | 26892 ||| RETREEEEATING.
 26893 | Vaults:2 | 26893 ||| RETREEEEATING.
 26894 | Vaults:2 | 26894 ||| RETREEEEATING.
 26895 | Vaults:2 | 26895 ||| RETREEEEATING.
 26896 | Vaults:2 | 26896 ||| RETREEEEATING.
 26897 | Vaults:2 | 26897 ||| RETREEEEATING.
 26898 | Vaults:2 | 26898 ||| RETREEEEATING.
 26899 | Vaults:2 | 26899 ||| INVOKING Finesse.
 26903 | Vaults:2 | HP: 36/148 [ironbound frostheart/creeping frost[a vault
                  | warden] (52)]
 26904 | Vaults:2 | 26904 ||| READING 9 scrolls of teleportation.
 26904 | Vaults:2 | Killed from afar by an ironbound frostheart

Levels and vault maps discovered:
D:1:      enne_arrival_octagon_isle, layout_loops_corners, minmay_heptomino_l4
D:2:      layout_rooms, serial_glass, glass_columns_a, glass_columns_a,
          glass_columns_a, glass_columns_b, glass_columns_b, glass_columns_a,
          minmay_puff
D:3:      layout_rooms, nicolae_ashenzari_skybound,
          nicolae_hepliaklqana_monster_ancestors, kennysheep_nub, uniq_sigmund,
          uniq_jessica
D:4:      layout_loops_corners, lemuel_mausoleum_altar_yredelemnul,
          minmay_temple_entry_arrows, grunt_ministairs_11,
          nicolae_shop_overcharged_wands
D:5:      layout_cave_pools, pf_just_have_faith, dk_xom_monty_hall,
          minmay_a_box_with_orc_wizards_in_it
D:6:      layout_basic, good_gods_mini_temple, serial_shops, shop,
          uniq_blork_the_orc
D:7:      layout_cave_pools, tgw_trog, overflow_temple_1_default
D:8:      layout_basic, nicolae_overflow_quartered_altars, chequers_arboretum,
          uniq_erica, uniq_joseph, uniq_jeremiah
D:9:      layout_irregular_city, nicolae_uskayaw_murder_on_the_dancefloor,
          enter_bailey_7, grunt_decor_mini_mirrors, uniq_amaemon
D:10:     layout_roguey, david_lair_shrubbed, minmay_starry_boxes
D:11:     layout_irregular_city, orc_0_dummy, serial_shops, shop, shop,
          nicolae_shop_crystal, nicolae_shop_temple_entry_statues_fountains,
          kennysheep_little_box
D:12:     minmay_five_octagons, layout_basic, grunt_decor_junction
D:13:     bobbens_index_wilting_gardens, layout_basic, hangedman_decor_push,
          guppyfry_shop_blood
D:14:     layout_loops_ring, david_vaults_4, kennysheep_flooded_box,
          serial_shops, shop, uniq_agnes, uniq_louise
D:15:     hangedman_depths_entry_try_elsewhere_first, layout_irregular_city,
          nemelex_lonely_heart_becter, uniq_kirke
Temple:   nicolae_temple_bog_church
Lair:1:   layout_cave_pods, special_room [special_room_bee],
          gammafunk_ghost_icy, nicolae_lair_lakeside_cave
Lair:2:   layout_chaotic_city, elwin_shoals_entry_stream,
          kennysheep_snail_temple
Lair:3:   layout_hall_layers, minmay_snake_entry_guardpost_small,
          portal_ice_cave_entry_ice_simulacra, uniq_prince_ribbit2, uniq_rupert,
          uniq_gastronok
Lair:4:   layout_cave_pods, dpeg_slime_entry_enclosed, gauntlet_entry_generic,
          uniq_nessos
Lair:5:   guppyfry_lair_end_dragon, layout_cellular_growth,
          hangedman_lair_in_review, grunt_forest_large_clearing_hut
Shoals:1: layout_shoals, serial_shops, shop, uniq_roxanne
Shoals:2: layout_shoals
Shoals:3: layout_shoals, gammafunk_ghost_tricky_traps
Shoals:4: shoals_end_hellmonk_holy_island, serial_shops
Snake:1:  layout_rooms, serial_bayou_shore_b
Snake:2:  layout_cave_town, serial_shops, nicolae_shop_rolling_square,
          uniq_frances
Snake:3:  gammafunk_its_a_trap, layout_misc_corridors, serial_shops,
          bzr_entry_water, nicolae_shop_advertising_works
          [nicolae_subvault_shop_adworks], hangedman_venom_bottle, uniq_vashnia
Orc:1:    layout_diamond_mine, lightli_volcano_entry_magma_tube, serial_shops,
          nicolae_shop_statue_plus, minmay_orc_treasury
Orc:2:    st_orc_elflike, layout_caves, nicolae_orc_lost_temple
Vaults:1: nicolae_vaults_swerve, ontoclasm_vaults_hangar,
          nicolae_vaults_weapon_check, nicolae_vaults_network_periphery,
          vaults_room_mumra_shop_pool, vaults_room_ringed_pool,
          nicolae_vaults_steering_wheel, nicolae_vaults_meeting,
          nicolae_vaults_storage_room_doors, vaults_room_stairs_pillars,
          hangedman_vaults_hat, nicolae_vaults_hexular_roomagon,
          nicolae_vaults_diagonal_hallway_7, vaults_room_grid,
          nicolae_vaults_house_2, layout_vaults_big_cross, serial_shops,
          nicolae_shop_crystal
Vaults:2: ontoclasm_vaults_misaligned, nicolae_vaults_six-pack,
          hangedman_vaults_stagger, vaults_mumra_hex, vaults_room_door_hall,
          nicolae_vaults_double_plus_3, ontoclasm_vaults_ring_square,
          vaults_room_corners, nicolae_vaults_storage_closets_2,
          nicolae_vaults_specimen_jars, nicolae_vaults_trapezoid_lopsided_3,
          layout_vaults_big_room, serial_shops, bzr_entry_safe,
          nicolae_shop_tiny_real_fake_doors, nicolae_shop_tiny_glass

Skill      XL: |  1  2  3  4  5  6  7  8  9 10 11 12 13 14 15 16 17 18 19 20 |
---------------+-------------------------------------------------------------+-----
Armour         | 1 2 3 4 5 7 11 12 13 15 | 15.0
Ranged Weapons | 5 6 7 8 10 11 13 14 15 18 19 | 19.0
Fighting       | 3 4 5 6 7 9 10 11 13 16 18 20 22 23 | 23.0
Dodging        | 2 3 4 5 6 7 9 10 11 12 13 | 13.6
Invocations    | 4 8 10 | 10.0
Stealth        | |  1.1

Action                     |  1- 3 |  4- 6 |  7- 9 | 10-12 | 13-15 | 16-18 | 19-21 || total
---------------------------+-------+-------+-------+-------+-------+-------+-------++-------
   Fire: Shortbow          |    46 |       |       |       |       |       |       ||    46
         Longbow           |    39 |    25 |   177 |   501 |   524 |       |       ||  1266
         Arbalest          |       |       |       |       |   280 |   824 |   351 ||  1455
 Invoke: Heroism           |       |       |     4 |     3 |     2 |     1 |     1 ||    11
         Finesse           |       |       |       |     4 |    12 |    15 |     7 ||    38
         Receive Weapon    |       |       |       |       |     1 |       |       ||     1
         Receive Armour    |       |       |       |       |     1 |       |       ||     1
  Evoke: Wand              |       |       |       |       |       |     2 |       ||     2
    Use: Scroll            |     7 |     3 |     4 |    10 |     7 |     1 |     3 ||    35
         Potion            |     3 |       |     1 |     1 |     1 |       |       ||     6
 Armour: Leather armour    |     3 |       |       |       |    38 |    13 |       ||    54
         Skin              |     3 |       |       |       |       |       |       ||     3
         Ring mail         |     1 |       |    41 |   109 |       |   162 |    55 ||   368
         Robe              |       |     7 |     8 |       |       |       |       ||    15
         Troll leather arm |       |       |       |   151 |   213 |       |    43 ||   407
  Dodge: Dodged            |    17 |     5 |    32 |   257 |   240 |   289 |   167 ||  1007

Table legend:
 A = Non-vault XP
 B = Vault XP
 C = Vault XP percentage of total XP
 D = Non-vault monster count
 E = Vault monster count
 F = Vault count percentage of total count
                 A         B        C        D         E       F
            +---------+---------+-------+---------+---------+-------
      Total |  242108 |  173880 |  41.8 |     742 |     412 |  35.7
            +---------+---------+-------+---------+---------+-------
        D:1 |      22 |       6 |  21.4 |      14 |       2 |  12.5
        D:2 |      23 |       3 |  11.5 |      14 |       2 |  12.5
        D:3 |      32 |     254 |  88.8 |      11 |       4 |  26.7
        D:4 |     404 |     535 |  57.0 |      16 |      14 |  46.7
        D:5 |     469 |     149 |  24.1 |      13 |       4 |  23.5
        D:6 |     610 |      91 |  13.0 |      23 |       1 |   4.2
        D:7 |    1415 |       0 |   0.0 |      41 |       0 |   0.0
        D:8 |    1152 |    1699 |  59.6 |      15 |       3 |  16.7
        D:9 |    1347 |    1193 |  47.0 |      16 |       6 |  27.3
       D:10 |    3269 |     573 |  14.9 |      16 |       4 |  20.0
       D:11 |    2498 |       0 |   0.0 |      11 |       0 |   0.0
       D:12 |    7074 |    9141 |  56.4 |      26 |      21 |  44.7
       D:13 |    6242 |   21263 |  77.3 |      18 |      47 |  72.3
       D:14 |    9592 |    4728 |  33.0 |      21 |       6 |  22.2
       D:15 |   20656 |    4960 |  19.4 |      45 |      11 |  19.6
     Lair:1 |    7073 |    9441 |  57.2 |      28 |      42 |  60.0
     Lair:2 |    8191 |    3050 |  27.1 |      28 |       8 |  22.2
     Lair:3 |    6548 |    5790 |  46.9 |      26 |      15 |  36.6
     Lair:4 |    9006 |    1070 |  10.6 |      27 |       1 |   3.6
     Lair:5 |    9623 |   14191 |  59.6 |      30 |      43 |  58.9
   Shoals:1 |   11742 |    1349 |  10.3 |      22 |       1 |   4.3
   Shoals:2 |    6092 |       0 |   0.0 |      15 |       0 |   0.0
   Shoals:3 |   10826 |       0 |   0.0 |      23 |       0 |   0.0
   Shoals:4 |   19110 |   29206 |  60.4 |      36 |      42 |  53.8
    Snake:1 |   15065 |       0 |   0.0 |      31 |       0 |   0.0
    Snake:2 |   21050 |    1522 |   6.7 |      40 |       1 |   2.4
    Snake:3 |   22154 |    5835 |  20.8 |      42 |       5 |  10.6
      Orc:1 |    4363 |    8849 |  67.0 |      23 |      46 |  66.7
      Orc:2 |    2299 |    8282 |  78.3 |      19 |      23 |  54.8
   Vaults:1 |   17119 |   21916 |  56.1 |      27 |      30 |  52.6
   Vaults:2 |   17042 |   18784 |  52.4 |      25 |      30 |  54.5
            +---------+---------+-------+---------+---------+-------
